 Dungeon Crawl Stone Soup version 0.29-a0-284-gf9362112df (webtiles) character file.

Game seed: 16538951219883158121

74 siradein the Bolt Thrower (level 4, -7/26 HPs)
             Began as a Kobold Arcane Marksman on Mar 16, 2022.
             Killed by divine providence
             ... invoked by an orc priest
              (13 damage)
             ... on level 3 of the Dungeon.
             The game lasted 00:05:19 (2355 turns).

siradein the Bolt Thrower (Kobold Arcane Marksman)  Turns: 2355, Time: 00:05:20

Health: -7/26      AC:  5    Str:  7    XL:     4   Next: 52%
Magic:  6/6        EV: 15    Int: 16    God:
Gold:   75         SH:  0    Dex: 15    Spells: 2/6 levels left

rFire   . . .      SeeInvis .   a - +0 hand crossbow
rCold   . . .      Faith    .   (no shield)
rNeg    . . .      Spirit   .   b - +0 robe
rPois   .          Reflect  .   j - +0 helmet
rElec   .          Harm     .   i - +1 cloak
rCorr   .          Rampage  .   (no gloves)
Will    .....                   (no boots)
Stlth   ++........              (no amulet)
HPRegen 0.08/turn               (no ring)
MPRegen 0.10/turn               (no ring)

@: confused
A: small, no large weapons, nightstalker 3
a: no special abilities


You were on level 3 of the Dungeon.
You visited 1 branch of the dungeon, and saw 3 of its levels.

You collected 75 gold pieces.

Inventory:

Hand Weapons
 a - a +0 hand crossbow (weapon)
Missiles
 m - a throwing net
Armour
 b - a +0 robe (worn)
 i - a +1 cloak (worn)
 j - a +0 helmet (worn)
Scrolls
 c - a scroll of vulnerability
 d - a scroll of blinking {unknown}
 f - a scroll of teleportation {unknown}
 h - 4 scrolls of identify {unknown}
 k - a scroll of fear {unknown}
 n - a scroll of enchant weapon {unknown}
 q - a scroll of fog {unknown}
 s - a scroll of magic mapping {unknown}
Potions
 e - a potion of invisibility {unknown}
 g - a potion of haste {unknown}
 l - 2 potions of flight {unknown}
 o - a potion of curing {unknown}
 p - a potion of degeneration {unknown}
 r - a potion of heal wounds {unknown}


   Skills:
 + Level 2.0 Fighting
 + Level 3.5 Crossbows
 + Level 3.1 Dodging
 + Level 1.9 Spellcasting
 + Level 3.4 Hexes
 + Level 0.6 Translocations


You had 2 spell levels left.
You knew the following spells:

 Your Spells              Type           Power      Damage    Failure   Level
a - Slow                  Hex            48%        N/A       4%          1
b - Portal Projectile     Hex/Tloc       16%        N/A       26%         3

Your spell library contained the following spells:

 Spells                   Type           Power      Damage    Failure   Level
 Inner Flame              Hex/Fire       7%         N/A       30%         3
 Cause Fear               Hex            6%         N/A       45%         4


Dungeon Overview and Level Annotations

Branches:
Dungeon (3/15)

Altars:


Innate Abilities, Weirdness & Mutations

You are small and have problems with some larger weapons.
You are completely attuned to the shadows.


Message History

The orc priest hits you with a +0 dagger.
You shoot a bolt.
The bolt completely misses the orc wizard.
The orc wizard gestures at you while chanting.
You are confused.
The orc priest calls upon Beogh to heal the orc wizard.
The orc wizard is healed somewhat.
The orc wizard hits you with a +0 dagger.
The orc priest hits you but does no damage.
The orc priest attacks as you move away!
The orc priest hits you with a +0 dagger.
The orc wizard attacks as you move away!
The orc wizard misses you.
Non-targeted confused shoot: a) +0 hand crossbow
Press: ? - help, Q - select action, (/) - cycle Dir - look around, f - activate You shoot a bolt.
The bolt hits the orc wizard.
The orc wizard is severely wounded.
The orc wizard barely misses you.
The orc priest begins to cast a cantrip, but forgets the words!
Non-targeted confused shoot: a) +0 hand crossbow
Press: ? - help, Q - select action, (/) - cycle Dir - look around, f - activate You shoot a bolt.
The orc wizard barely misses you.
The orc priest casts a cantrip, but nothing happens.
Unknown command.
Non-targeted confused shoot: a) +0 hand crossbow
Press: ? - help, Q - select action, (/) - cycle Dir - look around, f - activate You shoot a bolt.
The orc wizard gestures at you while chanting.
The magic dart hits you. The orc wizard closely misses you.
Unknown command.
Non-targeted confused shoot: a) +0 hand crossbow
Press: ? - help, Q - select action, (/) - cycle Dir - look around, f - activate You shoot a bolt.
The orc wizard hits you with a +0 dagger.
* * * LOW HITPOINT WARNING * * *
The orc priest invokes the aid of Beogh against you.
Beogh smites you!
Ouch! That really hurt!
You die...

.#.#......##..#
##.†......##..#
.....†........#
###...........#
##.....###### ##...##
#####. ##.### #oo...
#...# #o# #...# #@#
#...# ###.#### #...#
#.......
####...#######.#..##.
............##.#..#
..................#
............#......
####...######.#####
#...# ..#


You could see an orc priest, an orc wizard and an orc.

Vanquished Creatures
  A gnoll (D:1)
  An adder (D:3)
  A worm (D:3)
  2 orcs (D:3)
  5 endoplasms
  A giant cockroach (D:2)
  7 goblins
  4 hobgoblins
  2 jackals (D:2)
  A quokka (D:1)
  5 ball pythons
  7 bats
  2 frilled lizards (D:1)
  2 kobolds
  4 rats
45 creatures vanquished.

Notes
Turn   | Place    | Note
-------+----------+-------------------------------------------
     0 | D:1      | siradein the Kobold Arcane Marksman began the quest for the
                  | Orb.
     0 | D:1      | Reached XP level 1. HP: 12/12 MP: 2/2
   107 | D:1      | Reached XP level 2. HP: 11/16 MP: 4/4
   426 | D:1      | Reached XP level 3. HP: 20/20 MP: 5/5
   430 | D:1      | Learned a level 3 spell: Portal Projectile
   474 | D:1      | Found a faded altar of an unknown god.
  1282 | D:2      | Reached XP level 4. HP: 26/26 MP: 6/6
  2355 | D:3      | Killed from afar by an orc priest

Illustrated notes

Levels and vault maps discovered:
D:1:      dpeg_arrival_round_a, layout_rooms,
          hellmonk_ecumenical_altar_heavens_door,
          amcnicky_mini_rare_corridor_liquid
D:2:      layout_loops_ring, minmay_tetromino_i2
D:3:      layout_loops_cross, yredelemnul_altar_generic

Skill      XL: |  1  2  3  4 |
---------------+-------------+-----
Crossbows      | 3 |  3.5
Dodging        | 3 |  3.1
Fighting       | 2 |  2.0
Spellcasting   | |  1.9
Hexes          | |  3.4
Translocations | |  0.6

Action                   |  1- 3 |  4- 6 || total
-------------------------+-------+-------++-------
 Fire: Hand crossbow     |    82 |    56 ||   138
Armor: Robe              |    13 |     4 ||    17
Dodge: Dodged            |    27 |    17 ||    44

Table legend: (Time is in decaauts)
 A = Elapsed time spent in this place.
 B = Non-inter-level travel time spent in this place.
 C = Inter-level travel time spent in this place.
 D = Time resting spent in this place.
 E = Time spent auto-exploring this place.
 F = Levels seen in this place.
 G = Mean time per level.
                   A        B        C        D        E       F      G
               +--------+--------+--------+--------+--------+-----+--------+
         Total |   2401 |   2351 |     50 |    299 |   1684 |   3 |  800.3 |
       Dungeon |   2401 |   2351 |     50 |    299 |   1684 |   3 |  800.3 |
               +--------+--------+--------+--------+--------+-----+--------+

Top non-repeatable levels by time:
     D:2: 980 daAuts
     D:1: 802 daAuts
     D:3: 619 daAuts
